 Dungeon Crawl Stone Soup version 0.28-a0-1560-g060a6a1bfc (webtiles) character file.

Game seed: 2545506659631386868

91 Majang the Ruffian (level 4, 0/38 HPs)
             Began as a Ghoul Gladiator on Jan 19, 2022.
             Slain by Natasha (3 damage)
             ... on level 3 of the Dungeon.
             The game lasted 00:05:15 (2607 turns).

Majang the Ruffian (Ghoul Gladiator)                Turns: 2607, Time: 00:05:16

Health: 0/38       AC:  4    Str: 19    XL:     4   Next: 57%
Magic:  3/3        EV: 12    Int:  3    God:
Gold:   137        SH:  0    Dex: 10    Spells: 3/3 levels left

rFire   + . .      SeeInvis .     - Unarmed
rCold   . . .      Faith    .   (no shield)
rNeg    + + +      Spirit   .   m - +0 leather armour
rPois   ∞          Reflect  .   b - +0 helmet
rElec   .          Harm     .   (no cloak)
rCorr   .          Rampage  .   (no gloves)
Will    .....                   (no boots)
Stlth   +.........              (no amulet)
HPRegen 0.00/turn               l - ring of fire
MPRegen 0.08/turn               (no ring)

@: inhibited regen
A: claws 1, cold resistance 1, negative energy resistance 3, inhibited
regeneration, torment resistance 2
a: no special abilities


You were on level 3 of the Dungeon.
You visited 1 branch of the dungeon, and saw 3 of its levels.

You collected 137 gold pieces.

Inventory:

Hand Weapons
 a - a +0 hunting sling of freezing
Missiles
 c - 3 throwing nets (quivered)
 f - 3 javelins
Armour
 b - a +0 helmet (worn)
 m - a +0 leather armour (worn)
Jewellery
 l - a ring of fire (left claw)
Scrolls
 d - a scroll of vulnerability {unknown}
 g - a scroll of identify {unknown}
 h - a scroll of amnesia {unknown}
 i - a scroll of enchant armour {unknown}
 k - a scroll of immolation {unknown}
 n - a scroll of teleportation {unknown}
Potions
 j - a potion of brilliance {unknown}


   Skills:
 + Level 3.4 Fighting
 - Level 1.7 Throwing
 - Level 2.6 Dodging
 * Level 5.0 Unarmed Combat


You had 3 spell levels left.
You didn't know any spells.
Your spell library contained the following spells:

 Spells                   Type           Power      Damage    Failure   Level
 Freeze                   Ice            0%         1d3       58%         1
 Slow                     Hex            0%         N/A       58%         1
 Confusing Touch          Hex            0%         N/A       91%         3
 Frozen Ramparts          Ice            0%         1d2       91%         3
 Vampiric Draining        Necr           0%         2d6       91%         3
 Hailstorm                Conj/Ice       0%         3d3       100%        4


Dungeon Overview and Level Annotations

Branches:
Dungeon (3/15)

Altars:
Xom

Annotations:
D:3 Natasha


Innate Abilities, Weirdness & Mutations

You thrive by killing the living.
You are immune to poison.
You have sharp fingernails.
Your flesh is cold resistant. (rC+)
You are immune to negative energy. (rN+++)
You do not regenerate when monsters are visible.
You are immune to unholy pain and torment.


Message History

You now have 137 gold pieces (gained 9).
Found 6 poisoned darts.
Natasha, Servant of Life and Death comes into view.
Natasha mumbles some strange words.
You start waiting.
Natasha is nearby!
Natasha casts a spell at you.
You feel yourself slow down.
Natasha mumbles some strange words.
Natasha claws you! Natasha closely misses you.
The iron imp summons a swarm of flies.
The iron imp closely misses you.
You barely miss Natasha. Natasha claws you.
The crimson imp blinks!
The iron imp misses you.
You scratch Natasha.
Natasha is lightly wounded.
Natasha casts a spell at you. The magic dart hits you!
The iron imp barely misses you.
Natasha stares at you and mumbles some strange words.
You resist with some effort.
You barely miss Natasha.
Natasha is lightly wounded.
The iron imp hits you. Natasha claws you but does no damage.
You closely miss Natasha.
Natasha is lightly wounded.
Natasha casts a spell at you. The magic dart hits you.
* * * LOW HITPOINT WARNING * * *
The iron imp closely misses you.
You scratch Natasha.
Natasha is heavily wounded.
Natasha closely misses you. The iron imp hits you!
* * * LOW HITPOINT WARNING * * *
Natasha completely misses you.
It was a potion of cancellation.
Your magical effects are unravelling.
You feel magically purged.
You feel yourself speed up.
The crimson imp blinks!
The iron imp completely misses you. Natasha claws you.
You die...

###.....##### #..
............. #..#
###.......... #..#
#.......... #..#
#.......... #.#..#
#.....###.† #.##5#
#.........#
#.##h#####.#.........#
#.##.@.....#.........#
#.##5#####.#.........#
#.##§# #.........#
#.##.# #..........
##.##.# #..........
#....(# #..........
####..# ###.........P
#..# ...........P♣
#..# ###........PP


You could see an iron imp (summoned), Natasha and a crimson imp (summoned).

Vanquished Creatures
  3 adders (D:2)
  3 worms
  2 dart slugs (D:2)
  6 bats
  2 endoplasms (D:1)
  2 hobgoblins (D:1)
  9 jackals
  5 quokkas
  2 ball pythons (D:1)
  4 frilled lizards
  4 goblins
  5 kobolds
  4 rats
51 creatures vanquished.

Notes
Turn   | Place    | Note
-------+----------+-------------------------------------------
     0 | D:1      | Majang the Ghoul Gladiator began the quest for the Orb.
     0 | D:1      | Reached XP level 1. HP: 17/17 MP: 0/0
   250 | D:1      | You fall into a shaft and drop 1 floor!
   256 | D:2      | Reached XP level 2. HP: 25/25 MP: 1/1
   266 | D:2      | Reached skill level 4 in Unarmed Combat
   364 | D:2      | Found a shimmering altar of Xom.
   383 | D:2      | Reached XP level 3. HP: 25/30 MP: 2/2
  1157 | D:1      | Reached XP level 4. HP: 38/38 MP: 3/3
  1752 | D:1      | Found a faded altar of an unknown god.
  2092 | D:2      | Reached skill level 5 in Unarmed Combat
  2594 | D:3      | Noticed Natasha
  2607 | D:3      | Slain by Natasha

Illustrated notes

Levels and vault maps discovered:
D:1:      minmay_arrival_cross, layout_loops_corners,
          ebering_ecumenical_altar_webs, amcnicky_mini_corridor_feature
D:2:      layout_loops_corners, basic_altar
D:3:      layout_basic, xom_redecorated, roderic_lattice_a, serial_park_tiny_2,
          chequers_serial_rivers_small_a, minmay_misc_feat_ornament,
          uniq_natasha

Skill      XL: |  1  2  3  4 |
---------------+-------------+-----
Unarmed Combat | 4 5 |  5.0
Fighting       | 3 |  3.4
Throwing       | |  1.7
Dodging        | |  2.6

Action                   |  1- 3 |  4- 6 || total
-------------------------+-------+-------++-------
Melee: Unarmed           |    78 |    81 ||   159
       Punch             |     4 |     4 ||     8
  Use: Potion            |       |     1 ||     1
 Stab: Sleeping          |       |     1 ||     1
Armor: Leather armour    |    22 |    15 ||    37
Dodge: Dodged            |    46 |    45 ||    91

Table legend: (Time is in decaauts)
 A = Elapsed time spent in this place.
 B = Non-inter-level travel time spent in this place.
 C = Inter-level travel time spent in this place.
 D = Time resting spent in this place.
 E = Time spent auto-exploring this place.
 F = Levels seen in this place.
 G = Mean time per level.
                   A        B        C        D        E       F      G
               +--------+--------+--------+--------+--------+-----+--------+
         Total |   2595 |   2519 |     76 |    387 |   1753 |   3 |  865.0 |
       Dungeon |   2595 |   2519 |     76 |    387 |   1753 |   3 |  865.0 |
               +--------+--------+--------+--------+--------+-----+--------+

Top non-repeatable levels by time:
     D:2: 1275 daAuts
     D:1: 1184 daAuts
     D:3: 135 daAuts
